AoeStats
← ThePatriot

Highland

505104823Analyzed
2v2 RM · 25d ago on Sep 7, 2026· 26m 27s· 4 players
Game mode
Random Map
Map size
Medium (4 player)
Population
200
Speed
Normal
Resources
Standard
Victory
Conquest
Starting age
Dark Age
Ending age
Imperial Age
RankedLock teamsTeams togetherTeam positionsShared explorationLock speedFull tech treeHidden civsTurbo modeCheats
Victory
Defeat
🇫🇷 Bulgarians · France
978
+11
🇫🇷 Portuguese · France
964
+13
🇺🇸 Goths · United States
871
-29
🇺🇸 Armenians · United States
871
-29
JFMoody
8:24 Loom
11:11 Feudal Age
13:16 Man-at-Arms
18:13 Double-Bit Axe
23:03 Horse Collar
24:11 Long Swordsman
ThePatriot
9:30 Feudal Age
12:40 Double-Bit Axe
12:51 Man-at-Arms
15:58 Wheelbarrow
15:09 Loom
19:16 Forging
19:09 Scale Mail Armor
22:45 Castle Age
21:07 Horse Collar
24:26 Light Cavalry
25:24 Bloodlines
glennouil
7:53 Loom
9:50 Feudal Age
11:28 Feudal Age
12:21 Double-Bit Axe
22:31 Castle Age
20:17 Loom
20:55 Gold Mining
21:42 Scale Mail Armor
21:53 Forging
21:38 Horse Collar
23:16 Gambesons
23:33 Squires
26:30 Chain Mail Armor
26:50 Iron Casting
26:21 Arson
Wolfer@
8:59 Loom
11:15 Feudal Age
15:13 Castle Age
18:54 Double-Bit Axe
18:50 Pikeman
22:46 Bow Saw
22:18 Horse Collar
22:31 Gold Mining
24:59 Wheelbarrow
Connection lost

Rejoining the realm…

Still unreachable

The connection could not be restored.

Session expired

The server has moved on; the page needs a fresh start.